 Dungeon Sprint DCSS version 0.14-a0-3134-g2c86dbf (webtiles) character file.

2902 BluebellGnoll the Eclecticist (level 9, -3/45 HPs)
             Began as a Deep Elf Fire Elementalist on Mar 8, 2014.
             Was a Priest of Sif Muna.
             Killed by angry trees
             ... awakened by a spriggan druid
              (14 damage)
             ... in the Dungeon (Sprint IV: "Fedhas' Mad Dash").
             The game lasted 00:16:54 (2434 turns).

BluebellGnoll the Eclecticist (DEFE)                Turns: 2434, Time: 00:16:54

HP  -3/45        AC  2     Str  5      XL: 9   Next: 40%
MP  23/36        EV 22     Int 24      God: Sif Muna [***...]
Gold 176         SH  0     Dex 17      Spells:  7 memorised, 23 levels left

rFire  . . .     SeeInvis +     p - +3,+9 mace "Psales" {crush, rC++ SInv}
rCold  + + +     Clarity  .     a - +0 robe
rNeg   . . .     Conserve .     (no shield)
rPois  .         rCorr    .     (no helmet)
rElec  .         rRot     .     (no cloak)
SustAb . .       Spirit   .     (no gloves)
rMut   .         Warding  .     (no boots)
Saprov . . .     NoTele   +     (no amulet)
MR     .....                    m - ring of Rocach {+cTele rC+ Dex+2 Dam+5 Stlth+}
                                k - ring of invisibility

@: not resistant to hostile enchantments, very stealthy
A: no striking features
a: Channel Energy, Forget Spell, Renounce Religion, Evoke Invisibility, Evoke
Teleport Control


You were in the Dungeon.
You worshipped Sif Muna.
Sif Muna was most pleased with you.
You were not hungry.

You visited 1 branch You collected 176 gold pieces.

Inventory:

Hand weapons
 p - the +3,+9 mace "Psales" (weapon) {crush, rC++ SInv}
   (You found it in the Dungeon)

   It inflicts extra damage upon your enemies.
   It greatly protects you from cold.
   It enhances your eyesight.
Armour
 a - a +0 robe (worn)
 o - a +2 robe
Comestibles
 l - 3 honeycombs
Scrolls
 j - 2 scrolls of identify {unknown}
Jewellery
 k - a ring of invisibility (left hand)
 m - the ring of Rocach (right hand) {+cTele rC+ Dex+2 Dam+5 Stlth+}
   (You found it in the Dungeon)

   [ring of teleport control]

   It affects your dexterity (+2).
   It affects your damage with ranged weapons and melee attacks (+5).
   It protects you from cold.
   It makes you much more stealthy.
Potions
 d - a potion of curing
 e - 2 potions of heal wounds
 f - a potion of speed
 g - 2 potions of magic
 h - a potion of berserk rage
 i - a potion of poison {unknown}
Books
 b - a book of Flames

   Spells                             Type                      Level
   *Flame Tongue                      Conjuration/Fire             1
   *Throw Flame                       Conjuration/Fire             2
   *Conjure Flame                     Conjuration/Fire             3
   *Inner Flame                       Hexes/Fire                   3
   *Sticky Flame                      Conjuration/Fire             4
   *Fireball                          Conjuration/Fire             5
 c - the Almanac of Confrontation and Air
   (You found it in the Dungeon)

   Spells                             Type                      Level
   Swiftness                          Charms/Air                   2
   Static Discharge                   Conjuration/Air              3
   *Sticky Flame                      Conjuration/Fire             4
   *Lightning Bolt                    Conjuration/Air              5


   Skills:
 - Level 13.6 Dodging
 * Level 5.7 Stealth
 * Level 19.2 Spellcasting
 - Level 9.4 Conjurations
 - Level 3.2 Fire Magic


You had 23 spell levels left.
You knew the following spells:

 Your Spells              Type           Power        Failure   Level  Hunger
a - Flame Tongue          Conj/Fire      #####        1%          1    None
b - Throw Flame           Conj/Fire      ######       1%          2    None
c - Conjure Flame         Conj/Fire      ######..     1%          3    None
d - Inner Flame           Hex/Fire       ####....     3%          3    None
e - Sticky Flame          Conj/Fire      ######..     1%          4    None
f - Fireball              Conj/Fire      ######....   4%          5    None
g - Lightning Bolt        Conj/Air       #####.....   10%         5    None


Dungeon Overview and Level Annotations

Branches:
Dungeon (1/1)

Altars:
Cheibriados
Dithmenos
Elyvilon
Kikubaaqudgha
Makhleb
Nemelex Xobeh
Okawaru
Sif Muna
Trog
Vehumet
Xom
Yredelemnul
Zin
The Shining One
Beogh
Jiyva
Lugonu

Shops:
D *(**


Message History

A root smacks you from below.
The spriggan druid calls out to the beasts of the land!
The moth of wrath answers the druid's call!
Casting: Fireball
Confirm with . or Enter, or press ? or * to list all spells.
Aiming: Fireball
Press: ? - help, Shift-Dir - straight line, f/p - spriggan druid
Aim: a spriggan druid, wielding a quarterstaff and wearing a robe (moderately wounded)
The fireball explodes!
The fireball engulfs the spriggan druid.
The spriggan druid is severely wounded.
The fireball engulfs the moth of wrath.
The moth of wrath is moderately wounded.
A tree reaches out and hits you!
* * * LOW HITPOINT WARNING * * *
The spriggan druid mumbles some strange words.
The spriggan druid is healed somewhat.
The trees move their gnarly branches around.
You are hit by a branch!
You die...

#################################
#<..f#.....#.....#.⌠.........⌠.#.
#ff..'%....'.#...'._._._._._._.'.
#ffff#.....#.#...#.._._._._._..#.
###############'##._._._._._._.#.
#...♣........'...#.⌠.........⌠.##
#......♣.....#...###############
#.....♣..♣..######♣♣♣♣♣..♣
##'####'######..@....§i♣..
#..#....'.......#♣..♣♣♣y♣.
#..#.)###.......#.♣♣.$♣ #######
################


You could see a moth of wrath and a spriggan druid.

Vanquished Creatures
  2 oklob plants (D)
  3 wandering mushrooms (D)
  A queen bee (D)
  3 burning bushes (D)
  2 scorpions (D)
  4 killer bees (D)
  2 spriggans (D)
  A worker ant (D)
  5 oklob saplings (D)
  A green rat (D)
  A rat (D)
25 creatures vanquished.

Notes
Turn   | Place    | Note
--------------------------------------------------------------
     0 | D        | BluebellGnoll, the Deep Elf Fire Elementalist, began the quest for the Orb.
     0 | D        | Reached XP level 1. HP: 10/10 MP: 5/5
    12 | D        | Reached skill level 6 in Spellcasting
    12 | D        | Reached XP level 2. HP: 15/15 MP: 0/12
   110 | D        | Noticed an oklob sapling
   115 | D        | Killed an oklob sapling
   115 | D        | Reached skill level 8 in Spellcasting
   115 | D        | Reached XP level 3. HP: 19/19 MP: 7/18
   120 | D        | Learned a level 2 spell: Throw Flame
   124 | D        | Learned a level 3 spell: Conjure Flame
   128 | D        | Learned a level 3 spell: Inner Flame
   181 | D        | Noticed a worker ant
   188 | D        | Killed a worker ant
   646 | D        | Noticed an oklob sapling
   649 | D        | Killed an oklob sapling
   649 | D        | Reached XP level 4. HP: 24/24 MP: 15/21
   663 | D        | Noticed a killer bee
   663 | D        | Noticed a queen bee
   751 | D        | Noticed a killer bee
   751 | D        | Noticed a killer bee
   756 | D        | Noticed a killer bee
   766 | D        | Killed a killer bee
   766 | D        | Killed a killer bee
   766 | D        | Reached skill level 9 in Conjurations
   766 | D        | Reached XP level 5. HP: 28/28 MP: 14/23
   767 | D        | Killed a killer bee
   767 | D        | Reached skill level 10 in Spellcasting
   839 | D        | Killed a queen bee
   839 | D        | Reached skill level 14 in Spellcasting
   839 | D        | Reached XP level 6. HP: 6/32 MP: 17/29
   845 | D        | Learned a level 4 spell: Sticky Flame
   851 | D        | Learned a level 5 spell: Fireball
   856 | D        | Killed a killer bee
  1089 | D        | Found a snail-covered altar of Cheibriados.
  1089 | D        | Found a glowing silver altar of Zin.
  1089 | D        | Found a white marble altar of Elyvilon.
  1089 | D        | Found a viscous altar of Jiyva.
  1089 | D        | Found a radiant altar of Vehumet.
  1089 | D        | Found a deep blue altar of Sif Muna.
  1089 | D        | Found an ancient bone altar of Kikubaaqudgha.
  1089 | D        | Found a bloodstained altar of Trog.
  1089 | D        | Found a corrupted altar of Lugonu.
  1089 | D        | Noticed an oklob sapling priest
  1091 | D        | Killed an oklob sapling priest
  1091 | D        | Reached skill level 15 in Spellcasting
  1091 | D        | Reached XP level 7. HP: 34/36 MP: 17/31
  1092 | D        | Found a glowing golden altar of the Shining One.
  1093 | D        | Found a burning altar of Makhleb.
  1093 | D        | Found a sparkling altar of Nemelex Xobeh.
  1094 | D        | Found an iron altar of Okawaru.
  1095 | D        | Found a shadowy altar of Dithmenos.
  1095 | D        | Found a shimmering altar of Xom.
  1096 | D        | Found a basalt altar of Yredelemnul.
  1097 | D        | Found a roughly hewn altar of Beogh.
  1100 | D        | Became a worshipper of Sif Muna the Loreminder
  1231 | D        | Noticed an oklob sapling wizard
  1246 | D        | Killed an oklob sapling wizard
  1255 | D        | Noticed a spriggan
  1255 | D        | Noticed a spriggan
  1255 | D        | Noticed a scorpion
  1261 | D        | Killed a spriggan
  1261 | D        | Killed a scorpion
  1261 | D        | Reached skill level 16 in Spellcasting
  1261 | D        | Killed a spriggan
  1261 | D        | Acquired Sif Muna's first power
  1372 | D        | Found Woucap's Antique Weapon Shop.
  1372 | D        | Found Qas Laen's General Store.
  1380 | D        | Noticed a burning bush
  1380 | D        | Noticed a wandering mushroom
  1381 | D        | Killed a scorpion
  1624 | D        | Noticed a wandering mushroom
  1634 | D        | Killed a wandering mushroom
  1667 | D        | Killed a wandering mushroom
  1667 | D        | Reached skill level 10 in Dodging
  1667 | D        | Reached XP level 8. HP: 41/41 MP: 22/33
  1670 | D        | Killed a burning bush
  1791 | D        | Found Fatimorgh's General Store.
  1791 | D        | Found Daykki's General Store.
  1796 | D        | Got a pitted wooden ring
  1853 | D        | Noticed a burning bush
  1860 | D        | Noticed an oklob plant
  1878 | D        | Killed an oklob plant
  2024 | D        | Killed a burning bush
  2024 | D        | Reached skill level 17 in Spellcasting
  2033 | D        | Got a twisted mace
  2034 | D        | Identified the +3,+9 mace "Psales" {crush, rC++ SInv} (You found it in the Dungeon)
  2129 | D        | Noticed an oklob sapling
  2129 | D        | Noticed a wandering mushroom
  2129 | D        | Noticed a burning bush
  2129 | D        | Noticed an oklob plant
  2138 | D        | Killed a burning bush
  2138 | D        | Acquired Sif Muna's second power
  2138 | D        | Reached XP level 9. HP: 45/45 MP: 5/35
  2282 | D        | Killed an oklob plant
  2282 | D        | Reached skill level 5 in Stealth
  2282 | D        | Reached skill level 18 in Spellcasting
  2283 | D        | Killed a wandering mushroom
  2283 | D        | Reached skill level 19 in Spellcasting
  2413 | D        | Killed an oklob sapling
  2421 | D        | Identified the Almanac of Confrontation and Air
  2428 | D        | Learned a level 5 spell: Lightning Bolt
  2430 | D        | Noticed a spriggan druid
  2433 | D        | Noticed a moth of wrath
  2434 | D        | Killed from afar by a spriggan druid

Action                   |  1- 3 |  4- 6 |  7- 9 || total
-------------------------+-------+-------+-------++-------
Melee: Unarmed           |     2 |       |       ||     2
 Cast: Flame Tongue      |    19 |    13 |    19 ||    51
       Conjure Flame     |       |     3 |     2 ||     5
       Inner Flame       |       |     1 |     1 ||     2
       Throw Flame       |       |     1 |       ||     1
       Fireball          |       |     1 |    34 ||    35
       Sticky Flame      |       |       |     1 ||     1
 Abil: Evoke Invisibilit |     1 |     1 |     3 ||     5
